 Dungeon Crawl Stone Soup version 0.29-a0-334-gb41bcbb86e (webtiles) character file.

Game seed: 5368532633526271033

49 spaghetti the Magician (level 4, 0/31 HPs)
             Began as a Djinni Venom Mage on Apr 14, 2022.
             Slain by a goblin
             ... wielding a +0 club
             ... led by Robin
              (3 damage)
             ... on level 2 of the Dungeon.
             The game lasted 00:03:21 (3184 turns).

spaghetti the Magician (Djinni Venom Mage)          Turns: 3184, Time: 00:03:22

Health: 0/31       AC:  2    Str:  7    XL:     4   Next: 1%
Gold:   47         EV: 12    Int: 18    God:
                   SH:  0    Dex: 14

rFire   + + .      SeeInvis .   j - +0 whip (venom) {mace}
rCold   x . .      Faith    .   (no shield)
rNeg    . . .      Spirit   .   a - +0 robe
rPois   ∞          Reflect  .   (no helmet)
rElec   .          Harm     .   (no cloak)
rCorr   .          Rampage  .   (no gloves)
Will    .....                   (boots unavailable)
Stlth   ++........              (no amulet)
HPRegen 0.10/turn               (no ring)
MPRegen 0.00/turn               (no ring)

@: flying, hasted, very quick
A: sickness immunity, fire resistance 2, cold vulnerability 1, float, innate
caster, HP casting, extra vitality 1
a: no special abilities


You were on level 2 of the Dungeon.
You visited 1 branch of the dungeon, and saw 2 of its levels.

You collected 47 gold pieces.


Innate Abilities, Weirdness & Mutations

You are immune to sickness and miasma.
You are immune to poison.
Your flesh is very heat resistant. (rF++)
You are vulnerable to cold. (rC-)
You float through the air rather than walking.
You learn spells naturally, not from books.
Your magical power is your life essence.
You have superior vitality. (+4 MHP)


   Skills:
 - Level 2.1 Dodging
 - Level 1.5 Stealth
 + Level 3.6 Spellcasting


You couldn't memorise any spells.
You knew the following spells:

 Your Spells              Type           Power      Damage    Failure   Level
a - Sting                 Tmut/Pois      64%        1d6       3%          1
b - Poisonous Vapours     Pois/Air       32%        N/A       5%          2
c - Mephitic Cloud        Conj/Pois/Air  16%        N/A       11%         3
d - Olgreb's Toxic Radia  Pois           16%        N/A       34%         4
e - Sandblast             Erth           32%        2d9       3%          1
Your spell library was empty.

Inventory:

Hand Weapons
 b - a +0 dagger {short}
   (You found it on level 1 of the Dungeon)
 j - a +0 whip of venom (weapon) {mace}
   (You found it on level 2 of the Dungeon)
Missiles
 e - 51 stones {throwing}
Armour
 a - a +0 robe (worn)
Magical Staves
 g - a staff of air {!astaff}
   (You found it on level 1 of the Dungeon)
Scrolls
 c - 3 scrolls of identify {unknown}
 f - a scroll of amnesia {unknown}
 h - a scroll of teleportation {unknown}
 k - a scroll of fog {unknown}

Dungeon Overview and Level Annotations

Branches:
Dungeon (2/15)

Altars:

Annotations:
D:2 Robin

#. #. #.
############.###########
...K.........g.g@.......
#.#.....###..g#########
.............g#
..#...!.####.##
#.#....#####)######
#.#.........h.....#
#.#)...#####.####.#
##.##...# #g# ........##
#g#


You could see a hobgoblin (strong) and 2 goblins.


Message History

A jackal comes into view.
Casting: Poisonous Vapours (safe; 5% risk of failure)
Confirm with . or Enter, or press ? or * to list all spells.
Aiming: Sting (safe; 3% risk of failure)
Press: ? - help, Shift-Dir - straight line, f - goblin
Aim: a goblin, wielding a +0 dagger (67% to hit)
Okay, then.
You see here 2 murky pink potions.
Casting: Sting (safe; 3% risk of failure)
Confirm with . or Enter, or press ? or * to list all spells.
You aren't experienced enough to cast this spell.
Casting: Sting (safe; 3% risk of failure)
Confirm with . or Enter, or press ? or * to list all spells.
Aiming: Sting (safe; 3% risk of failure)
Press: ? - help, Shift-Dir - straight line, f - goblin
Aim: a goblin, wielding a +0 dagger (67% to hit)
The sting misses the goblin.
The jackal barks!
A hobgoblin comes into view. 😮 HP[-1]
You take 1 damage, and now have 18/25 hp.
Casting: Sting (safe; 3% risk of failure)
Confirm with . or Enter, or press ? or * to list all spells.
Aiming: Sting (safe; 3% risk of failure)
Press: ? - help, Shift-Dir - straight line, f/p - goblin
Aim: a goblin, wielding a +0 dagger (67% to hit)
You miscast Sting.
You are very lightly contaminated with residual magic.
Nothing appears to happen.
Robin of the Strong Arm comes into view.
They are wielding a +0 whip.
A hobgoblin comes into view. 😮 HP[-1]
You take 1 damage, and now have 17/25 hp.
Robin throws the goblin at you!
The goblin hits you with a +0 club. 😮 HP[-3]
You take 3 damage, and now have 14/25 hp.
The goblin shouts!
You hit the goblin.
The goblin is poisoned.
You kill the goblin!
The jackal bites you. The goblin hits you with a +0 club.
* * * LOW HITPOINT WARNING * * *
Robin throws the goblin at you!
* * * LOW HITPOINT WARNING * * *
The goblin hits you with a +0 club.
* * * LOW HITPOINT WARNING * * *
You have reached level 4!
You feel agile. 😨 HP[-2]
You now have 31 max hp (+6).
Casting: Sting (safe; 3% risk of failure)
Confirm with . or Enter, or press ? or * to list all spells.
The spell is quite dangerous to miscast (11% risk of failure)!
Continue anyway?
Aiming: Mephitic Cloud (quite dangerous; 11% risk of failure)
Press: ? - help, Shift-Dir - straight line, f - you The ball explodes into a vile cloud!
The stinking cloud engulfs you but does no damage.
The stinking cloud engulfs the goblin but does no damage. x2
The stinking cloud engulfs the jackal but does no damage.
* * * LOW HITPOINT WARNING * * *
You hear a shout! x3
The jackal is engulfed in noxious fumes.
The jackal appears confused.
The goblin hits you with a +0 club.
* * * LOW HITPOINT WARNING * * *
The goblin is engulfed in noxious fumes.
The goblin appears confused.
The goblin hits you with a +0 club.
* * * LOW HITPOINT WARNING * * *
😱 HP[-5]
You take 5 damage, and now have 7/31 hp.
Unknown command.
Unknown command.
Unknown command.
Casting: Mephitic Cloud (quite dangerous; 11% risk of failure)
Confirm with . or Enter, or press ? or * to list all spells.
The spell is quite dangerous to miscast (11% risk of failure)!
Continue anyway?
Okay, then.
It was a potion of curing.
You feel better.
Robin roars a battlecry!
The goblins go into a battle-frenzy!
The goblin closely misses you.
The goblin is engulfed in noxious fumes.
The goblin closely misses you.
You hear a bark! 😨 HP[+5]
You regained 5 hp, and now have 12/31 hp.
Okay, then.
The jackal bites the hobgoblin.
The jackal bites itself.
Robin throws the goblin at you!
* * * LOW HITPOINT WARNING * * *
The goblin hits you with a +0 club.
* * * LOW HITPOINT WARNING * * *
The goblin misses the goblin. 😱 HP[-9]
You take 9 damage, and now have 3/31 hp.
MASSIVE DAMAGE!! (PAUSE)
The goblin closely misses you.
Your magical contamination has completely faded away.
The goblin hits the goblin with a +0 club.
It was a potion of haste.
You feel yourself speed up. The goblin hits you with a +0 club.
You die...

Skill      XL: |  1  2 |
---------------+-------+-----
Spellcasting   | 3 |  3.6
Dodging        | |  2.1
Stealth        | |  1.5

Action                   |  1- 3 |  4- 6 || total
-------------------------+-------+-------++-------
Melee: Unarmed           |     2 |       ||     2
       Whip              |     7 |       ||     7
 Cast: Sting             |    42 |       ||    42
       Poisonous Vapours |    43 |       ||    43
       Sandblast         |     3 |       ||     3
       Mephitic Cloud    |       |     1 ||     1
  Use: Potion            |       |     2 ||     2
Armor: Robe              |     4 |       ||     4
Dodge: Dodged            |    20 |     3 ||    23

Levels and vault maps discovered:
D:1:      saegor_arrival_simple_e, layout_loops_corners
D:2:      minmay_roachtagon, layout_loops_ring, serial_shops,
          nicolae_shop_waterfront, chequers_serial_rivers_large_a,
          roderic_lattice_a, uniq_robin, uniq_natasha

Notes
Turn   | Place    | Note
-------+----------+-------------------------------------------
     0 | D:1      | spaghetti the Djinni Venom Mage began the quest for the
                  | Orb.
     0 | D:1      | Reached XP level 1. HP: 15/15 MP: 0/0
     0 | D:1      | magus.rc [v1.9.6]
   532 | D:1      | Reached XP level 2. HP: 9/21 MP: 0/0
  1006 | D:1      | Reached skill level 3 in Spellcasting
  1675 | D:2      | Reached XP level 3. HP: 8/25 MP: 0/0
  1675 | D:2      | Learned a level 1 spell: Sandblast
  1676 | D:2      | HP: 4/25 [jackal (2)]
  3175 | D:2      | Noticed Robin
  3178 | D:2      | Reached XP level 4. HP: 12/31 MP: 0/0
  3178 | D:2      | HP: 7/31 [goblin/+0 club[Robin] (1)]
  3180 | D:2      | HP: 3/31 [goblin/+0 club[Robin] (6)]
  3184 | D:2      | Slain by a goblin

Vanquished Creatures
  A worm (D:2)
  A dart slug (D:2)
  4 endoplasms (D:1)
  10 giant cockroaches (D:2)
  2 goblins
  2 hobgoblins (D:1)
  4 jackals (D:2)
  2 kobolds
  2 quokkas
  4 ball pythons
  2 bats
  3 rats
37 creatures vanquished.

Table legend:
 A = Non-vault XP
 B = Vault XP
 C = Vault XP percentage of total XP
 D = Non-vault monster count
 E = Vault monster count
 F = Vault count percentage of total count
                 A         B        C        D         E       F
            +---------+---------+-------+---------+---------+-------
      Total |      48 |      22 |  31.4 |      26 |      11 |  29.7
            +---------+---------+-------+---------+---------+-------
        D:1 |      24 |       0 |   0.0 |      15 |       0 |   0.0
        D:2 |      24 |      22 |  47.8 |      11 |      11 |  50.0
            +---------+---------+-------+---------+---------+-------

Illustrated notes

Table legend:
 A = Kills in this place as a percentage of kills in entire the game.
 B = Kills by you in this place as a percentage of kills by you in the entire game.
 C = Kills by friends in this place as a percentage of kills by friends in the entire game.
 D = Other kills in this place as a percentage of other kills in the entire game.
 E = Experience gained in this place as a percentage of experience gained in the entire game.
 F = Experience gained in this place divided by the number of levels of this place that you have seen.
                   A       B       C       D       E      F
               +-------+-------+-------+-------+-------+----------------------
         Total | 100.0 | 100.0 |   N/A |   N/A | 100.0 |  35.0
       Dungeon | 100.0 | 100.0 |   N/A |   N/A | 100.0 |  35.0
               +-------+-------+-------+-------+-------+----------------------

Table legend: (Time is in decaauts)
 A = Elapsed time spent in this place.
 B = Non-inter-level travel time spent in this place.
 C = Inter-level travel time spent in this place.
 D = Time resting spent in this place.
 E = Time spent auto-exploring this place.
 F = Levels seen in this place.
 G = Mean time per level.
                   A        B        C        D        E       F      G
               +--------+--------+--------+--------+--------+-----+--------+
         Total |   3183 |   3165 |     18 |    910 |   2037 |   2 | 1591.5 |
       Dungeon |   3183 |   3165 |     18 |    910 |   2037 |   2 | 1591.5 |
               +--------+--------+--------+--------+--------+-----+--------+

Top non-repeatable levels by time:
     D:1: 1656 daAuts
     D:2: 1527 daAuts
